 Dungeon Crawl Stone Soup version 0.21.1-1-g345015fe64 (webtiles) character file.

100 DildoBatman the Sneak (level 5, -2/41 HPs)
             Began as a Formicid Enchanter on Apr 4, 2018.
             Slain by a scorpion (4 damage)
             ... on level 3 of the Dungeon.
             The game lasted 00:09:30 (3636 turns).

DildoBatman the Sneak (Formicid Enchanter)          Turns: 3636, Time: 00:09:30

Health: -2/41      AC:  5    Str: 14    XL:     5   Next: 3%
Magic:  2/8        EV: 11    Int: 14    God:
Gold:   183        SH:  0    Dex: 11    Spells: 4/8 levels left

rFire    . . .     SeeInvis +   a - +0 quarterstaff (crush)
rCold    . . .     Gourm    .   (no shield)
rNeg     . . .     Faith    .   y - +0 ring mail
rPois    .         Spirit   .   (helmet unavailable)
rElec    .         Reflect  .   (no cloak)
rCorr    .         Harm     .   (no gloves)
MR       .....                  (no boots)
Stlth    ++........             (no amulet)
HPRegen  0.13/turn              (no ring)
MPRegen  0.11/turn              (no ring)

@: lethally poisoned (-2 -> -4)
A: permanent stasis, dig shafts and tunnels, four strong arms, antennae 3
a: Dig, Shaft Self


You were on level 3 of the Dungeon.
You were not hungry.

You visited 1 branch of the dungeon, and saw 4 of its levels.

You collected 183 gold pieces.

Inventory:

Hand Weapons
 a - a +0 quarterstaff of crushing (weapon)
 b - a +1 dagger
Missiles
 e - 134 stones (quivered)
 i - 40 sling bullets
 m - 20 bolts
 p - 17 arrows
 u - 4 tomahawks
Armour
 y - a +0 ring mail (worn)
Jewellery
 j - an uncursed ring of protection from cold {unknown}
Wands
 f - a wand of random effects (25)
Scrolls
 d - 2 scrolls of enchant weapon {unknown}
 h - a scroll of remove curse {unknown}
 k - a scroll of teleportation {unknown}
 r - a scroll of noise {unknown}
 s - a scroll of blinking {unknown}
 t - a scroll of enchant armour {unknown}
 w - a scroll of fear {unknown}
Potions
 g - 2 potions of brilliance {unknown}
 l - a potion of might {unknown}
 n - 2 potions of heal wounds {unknown}
 o - a potion of curing {unknown}
 q - a potion of lignification {unknown}
Books
 c - a book of Maledictions

   Spells                             Type                      Level
   a - Corona                         Hexes                        1
   b - Ensorcelled Hibernation        Hexes/Ice                    2
   c - Confuse                        Hexes                        3
   d - Tukima's Dance                 Hexes                        3
   e - Dazzling Spray                 Conjuration/Hexes            3
Comestibles
 v - 4 rations


   Skills:
 - Level 3.0 Fighting
 - Level 1.0 Short Blades
 * Level 2.7 Armour
 - Level 2.0 Dodging
 - Level 4.0 Stealth
 - Level 2.1 Spellcasting
 - Level 3.6 Hexes


You had 4 spell levels left.
You knew the following spells:

 Your Spells              Type           Power        Failure   Level  Hunger
a - Corona                Hex            ##.....      11%         1    #......
b - Confuse               Hex            ##......     30%         3    ###....


Dungeon Overview and Level Annotations

Branches:
Dungeon (4/15)
 Temple: D:4-7

Altars:
Cheibriados
Elyvilon
Nemelex Xobeh
Trog
Xom

Annotations:
D:1 exclusion: vampire
D:2 1 exclusion
D:4 exclusion: scorpion, Duvessa, Grinder


Innate Abilities, Weirdness & Mutations

You cannot be hasted, slowed, berserked, paralysed or teleported.
You can dig through walls and to a lower floor.
Your four strong arms can wield two-handed weapons with a shield.
You have a pair of large antennae on your head. (SInv)


Message History

The scorpion closely misses you. The scorpion stings you.
Casting: Corona
Confirm with . or Enter, or press ? or * to list all spells.
Aiming: Corona
Press: ? - help, Shift-Dir - straight line, f/p - scorpion
Aim: a scorpion (severely wounded, chance to defeat MR: 47%)
The scorpion is outlined in light.
The scorpion stings you.
You completely miss the scorpion.
The scorpion is severely wounded.
You feel sick.
The scorpion stings you but does no damage.
You hit the scorpion.
The scorpion is almost dead.
The scorpion stings you.
You closely miss the scorpion.
The scorpion is almost dead.
The scorpion stings you.
You die...

# #.......# #.# # #.......#####.#
# #.....รท.......# #
#.......##..### # ##########..# #
#..# ############..#### #########
## ......#...#...>s.####.......#
#. #####.#.......##@...........#
#.
.####.......#.##......#####.####.
#..##.........##......# #......
.#....<..##.####......# #.)###.
.......####.####......# #.## #.
#####..####...........#####.# #.
#.......###..#.#........# ##
#.^.##### ##.#.#.######## #...#
#.#.#.##########


You could see a scorpion.

Vanquished Creatures
  2 adders
  A gnoll (D:3)
  2 oozes
  A worm (D:3)
  2 dart slugs
  A leopard gecko (D:1)
  3 orcs
  4 bats
  4 giant cockroaches
  3 hobgoblins (D:3)
  A quokka (D:2)
  3 frilled lizards
  10 goblins
  8 kobolds
  7 rats
52 creatures vanquished.

Notes
Turn   | Place    | Note
-------+----------+-------------------------------------------
     0 | D:1      | DildoBatman the Formicid Enchanter began the quest for the Orb.
     0 | D:1      | Reached XP level 1. HP: 13/13 MP: 3/3
     3 | D:1      | Noticed a human
     3 | D:1      | Noticed an ogre
     5 | D:1      | Noticed a naga
     6 | D:1      | Noticed a naga
     8 | D:1      | Noticed a draconian
    10 | D:1      | Noticed a draconian
    10 | D:1      | Noticed a dwarf
    12 | D:1      | Noticed a felid
    12 | D:1      | Noticed a vampire
    14 | D:1      | Noticed a human
    16 | D:1      | Noticed a centaur
    16 | D:1      | Noticed a troll
    16 | D:1      | Noticed a dwarf
    18 | D:1      | Noticed a gargoyle
    20 | D:1      | Noticed a minotaur
   224 | D:1      | Reached skill level 1 in Fighting
   318 | D:1      | Reached XP level 2. HP: 21/21 MP: 5/5
   723 | D:1      | Found a sparkling altar of Nemelex Xobeh.
   759 | D:1      | Reached XP level 3. HP: 27/28 MP: 4/6
   764 | D:1      | Learned a level 3 spell: Confuse
   946 | D:2      | Found a bloodstained altar of Trog.
   980 | D:2      | Found a shimmering altar of Xom.
  1054 | D:2      | Found a snail-covered altar of Cheibriados.
  1462 | D:3      | Reached XP level 4. HP: 15/35 MP: 5/7
  1748 | D:2      | Reached skill level 1 in Armour
  1754 | D:2      | Reached skill level 4 in Stealth
  2720 | D:3      | Found a white marble altar of Elyvilon.
  2949 | D:4      | Noticed Grinder
  3546 | D:4      | Reached XP level 5. HP: 41/41 MP: 6/8
  3567 | D:4      | Noticed Duvessa
  3635 | D:3      | HP: 2/41 [scorpion (3)]
  3636 | D:3      | Slain by a scorpion

Skill      XL: |  1  2  3  4 |
---------------+-------------+-----
Fighting       | 1 2 3 |  3.0
Dodging        | 2 |  2.0
Armour         | 2 |  2.7
Stealth        | 4 |  4.0
Short Blades   | |  1.0
Spellcasting   | |  2.1
Hexes          | |  3.6

Action                   |  1- 3 |  4- 6 || total
-------------------------+-------+-------++-------
Melee: Dagger            |   100 |       ||   100
       Quarterstaff      |     2 |    80 ||    82
 Cast: Corona            |    31 |    28 ||    59
       Confuse           |       |     2 ||     2
 Abil: Dig               |       |     2 ||     2
 Stab: Sleeping          |     4 |     1 ||     5
  Eat: Chunk             |     2 |     6 ||     8
       Ration            |       |     1 ||     1
Armor: Robe              |    17 |     4 ||    21
       Ring mail         |       |     1 ||     1
Dodge: Dodged            |    74 |    63 ||   137
